 Dungeon Crawl Stone Soup version 0.21.1-1-g345015f (webtiles) character file.

39 Monsterracer the Chiller (level 3, -2/24 HPs)
             Began as a Human Ice Elementalist on Feb 17, 2018.
             Slain by a centaur (8 damage)
             ... on level 2 of the Dungeon.
             The game lasted 00:03:45 (1737 turns).

Monsterracer the Chiller (Human Ice Elementalist)   Turns: 1737, Time: 00:03:46

Health: -2/24      AC:  1    Str:  8    XL:     3   Next: 70%
Magic:  1/6        EV: 12    Int: 16    God:
Gold:   54         SH:  0    Dex: 13    Spells: 3/7 levels left

rFire    . . .     SeeInvis .   m - +0 spear
rCold    . . .     Gourm    .   (no shield)
rNeg     . . .     Faith    .   a - +0 robe
rPois    .         Spirit   .   (no helmet)
rElec    .         Reflect  .   (no cloak)
rCorr    .         Harm     .   j - -2 pair of gloves (curse)
MR       .....                  (no boots)
Stlth    +.........             (no amulet)
HPRegen  0.08/turn              k - ring of loudness (curse)
MPRegen  0.10/turn              (no ring)

@: no status effects
A: no striking features
a: no special abilities


You were on level 2 of the Dungeon.
You were not hungry.

You visited 1 branch of the dungeon, and saw 2 of its levels.

You collected 54 gold pieces.

Inventory:

Hand Weapons
 m - a +0 spear (weapon)
Armour
 a - a +0 robe (worn)
 j - a cursed -2 pair of gloves (worn)
Jewellery
 k - a cursed ring of loudness (left hand)
Wands
 o - a wand of enslavement (16)
Scrolls
 d - 4 scrolls of teleportation {unknown}
 e - a scroll of enchant weapon {unknown}
 f - a scroll of amnesia {unknown}
 g - 3 scrolls of identify {unknown}
 n - a scroll of magic mapping {unknown}
Potions
 h - a potion of curing {unknown}
 i - 2 potions of might {unknown}
 l - 2 potions of magic {unknown}
Books
 b - a book of Frost

   Spells                             Type                      Level
   a - Freeze                         Ice                          1
   b - Throw Frost                    Conjuration/Ice              2
   c - Ozocubu's Armour               Charms/Ice                   3
   d - Throw Icicle                   Conjuration/Ice              4
   e - Summon Ice Beast               Ice/Summoning                4
Comestibles
 c - 4 rations


   Skills:
 - Level 2.0 Dodging
 - Level 2.0 Stealth
 + Level 2.5 Spellcasting
   Level 1.0 Conjurations
 * Level 4.0 Ice Magic


You had 3 spell levels left.
You knew the following spells:

 Your Spells              Type           Power        Failure   Level  Hunger
a - Freeze                Ice            ###.         3%          1    #......
c - Ozocubu's Armour      Chrm/Ice       #.......     26%         3    ###....


Dungeon Overview and Level Annotations

Branches:
Dungeon (2/15)

Altars:


Message History

Confirm with . or Enter, or press ? or * to list all spells.
Aiming: Freeze
Press: ? - help, Shift-Dir - straight line, f/p - ooze
Aim: an ooze (almost dead)
You freeze the ooze.
You kill the ooze!
Your Ice Magic skill increases to level 4!
You now have 2/6 mp.
Found 17 poisoned needles.
MP restored: 6 A frilled lizard comes into view.
The frilled lizard hisses angrily.
The frilled lizard hisses.
Attack whom?
Press: ? - help, Dir - move target cursor, f - frilled lizard
Aim: a frilled lizard You reach to attack!
You miss the frilled lizard. You hit the frilled lizard.
You kill the frilled lizard!
No target in view!
No target in view!
You butcher the frilled lizard corpse.
p - a chunk of flesh You see here 17 poisoned needles. x2
Eating a chunk of flesh.
You eat the chunk of flesh.
This raw flesh tastes terrible.
There is a stone staircase leading down here.
There is a stone staircase leading down here.
Found an escape hatch in the ceiling.
A goblin comes into view.
The goblin shouts!
A frilled lizard comes into view.
The frilled lizard hisses angrily.
A centaur comes into view.
You hit the goblin.
The goblin is severely wounded.
The goblin barely misses you.
Casting: Freeze
Confirm with . or Enter, or press ? or * to list all spells.
Aiming: Freeze
Press: ? - help, Shift-Dir - straight line, f - goblin
Aim: a goblin (severely wounded)
You freeze the goblin.
You kill the goblin!
You now have 5/6 mp.
The frilled lizard bites you.
You take 1 damage, and have 23/24 hp.
You miss the frilled lizard. The frilled lizard closely misses you.
You hit the frilled lizard.
You kill the frilled lizard!
The centaur wields a shortbow.
The centaur shoots an arrow.
The arrow hits you.
You take 4 damage, and have 19/24 hp.
The centaur unwields an uncursed shortbow.
The centaur hits you.
You take 3 damage, and have 16/24 hp.
Casting: Freeze
Confirm with . or Enter, or press ? or * to list all spells.
Aiming: Freeze
Press: ? - help, Shift-Dir - straight line, f - centaur
Aim: a centaur You freeze the centaur.
The centaur is lightly wounded.
The centaur hits you. The centaur hits you!
* * * LOW HITPOINT WARNING * * *
You take 11 damage, and have 5/24 hp.
MASSIVE DAMAGE!!
You now have 4/6 mp.
Casting: Freeze
Confirm with . or Enter, or press ? or * to list all spells.
Aiming: Freeze
Press: ? - help, Shift-Dir - straight line, f/p - centaur
Aim: a centaur (lightly wounded)
You freeze the centaur.
The centaur is lightly wounded.
The centaur barely misses you.
You now have 3/6 mp.
Casting: Freeze
Confirm with . or Enter, or press ? or * to list all spells.
Aiming: Freeze
Press: ? - help, Shift-Dir - straight line, f/p - centaur
Aim: a centaur (lightly wounded)
You freeze the centaur.
The centaur is moderately wounded.
The centaur barely misses you. x2
You now have 2/6 mp.
Casting: Freeze
Confirm with . or Enter, or press ? or * to list all spells.
Aiming: Freeze
Press: ? - help, Shift-Dir - straight line, f/p - centaur
Aim: a centaur (moderately wounded)
You freeze the centaur.
The centaur is moderately wounded.
The centaur barely misses you.
Casting: Freeze
Confirm with . or Enter, or press ? or * to list all spells.
Aiming: Freeze
Press: ? - help, Shift-Dir - straight line, f/p - centaur
Aim: a centaur (moderately wounded)
You freeze the centaur.
The centaur is moderately wounded.
The centaur hits you!
You die...

#.......# #.#####.#
#.# #.### ##.## #...#
##...## #.#.# #
###.#.#.###.#.# #.
...........#.#
.#.#..###.#<#.###.#..
......c@(.........###
......#####.#######
..... ### ####


You could see a centaur.

Vanquished Creatures
  An adder (D:2)
  2 oozes
  A dart slug (D:1)
  A giant cockroach (D:1)
  2 goblins (D:2)
  3 hobgoblins (D:1)
  2 bats (D:1)
  5 frilled lizards
  2 kobolds (D:1)
  4 rats
23 creatures vanquished.

Notes
Turn   | Place    | Note
-------+----------+-------------------------------------------
     0 | D:1      | Monsterracer the Human Ice Elementalist began the quest for the Orb.
     0 | D:1      | Reached XP level 1. HP: 13/13 MP: 3/3
   174 | D:1      | Reached XP level 2. HP: 18/19 MP: 0/5
   992 | D:1      | HP: 6/19 [dart slug/slug dart (6)]
   996 | D:1      | Reached XP level 3. HP: 7/24 MP: 2/6
  1212 | D:1      | Learned a level 3 spell: Ozocubu's Armour
  1603 | D:2      | Reached skill level 4 in Ice Magic
  1726 | D:2      | Noticed a centaur
  1733 | D:2      | HP: 5/24 [centaur (9)]
  1737 | D:2      | Slain by a centaur

Skill      XL: |  1  2  3 |
---------------+----------+-----
Ice Magic      | 4 |  4.0
Dodging        | |  2.0
Stealth        | |  2.0
Spellcasting   | |  2.5
Conjurations   | |  1.0

Action                   || total
-------------------------++-------
Melee: Unarmed           ||     1
       Short sword       ||     8
       Spear             ||     5
 Cast: Freeze            ||    42
 Stab: Sleeping          ||     1
  Eat: Chunk             ||     3
Armor: Robe              ||     7
Dodge: Dodged            ||    32

Vault maps used:
D:1:      onia_arrival_handbag
D:2:      serial_glass, glass_columns_a, glass_columns_a, glass_columns_a,
          glass_columns_a, glass_columns_b, glass_columns_b
